 Dungeon Crawl Stone Soup version 0.29.1-13-g9f3cf754e1 (webtiles) character file.

Game seed: 13604362235010632792

18063 DemonSlayer the Thaumaturge (level 12, -5/83 HPs)
             Began as a Demonspawn Earth Elementalist on Feb 1, 2023.
             Was a High Priest of Cheibriados.
             Slain by a komodo dragon (29 damage)
             ... on level 2 of the Lair of Beasts.
             The game lasted 00:38:01 (18177 turns).

DemonSlayer the Thaumaturge (DsEE)                 Turns: 18177, Time: 00:38:01

Health: -5/83      AC: 11    Str: 28    XL:     12   Next: 24%
Magic:  35/35      EV: 16    Int: 31    God:    Cheibriados [*****.]
Gold:   1382       SH:  7    Dex: 29    Spells: 9/32 levels left

rFire   + + +      SeeInvis .   N - +3 war axe of Ubauz {vorpal, rF+ rN+ Dex+2}
rCold   + + .      Faith    .   f - +0 buckler
rNeg    + . .      Spirit   .   K - +1 robe {rC+ rF+}
rPois   .          Reflect  .   (helmet restricted)
rElec   .          Harm     .   j - scarf {rC+ rF+}
rCorr   .          Rampage  .   J - +2 pair of gloves
Will    .....                   y - +2 pair of boots
Stlth   ++++......              m - amulet of regeneration
HPRegen 1.03/turn               w - +4 ring of slaying
MPRegen 0.24/turn               v - ring of magical power

@: very slow
A: antennae 2, thin metallic scales 1, demonic guardian 1
a: Renounce Religion, Bend Time, Temporal Distortion, Slouch, Step From Time


You were on level 2 of the Lair of Beasts.
You worshipped Cheibriados.
Cheibriados was extremely pleased with you.
You visited 2 branches of the dungeon, and saw 12 of its levels.
You also visited: Ice Cave.

You collected 1382 gold pieces.

Inventory:

Hand Weapons
 N - the +3 war axe of Ubauz (weapon) {vorpal, rF+ rN+ Dex+2}
   (You found it on level 1 of the Lair of Beasts)

   It inflicts extra damage upon your enemies.
   Dex:       It affects your dexterity (+2).
   rF:        It protects you from fire.
   rN:        It protects you from negative energy.
Missiles
 G - a curare-tipped dart
 H - 2 throwing nets
Armour
 f - a +0 buckler (worn)
 j - a scarf of resistance (worn)
 y - a +2 pair of boots (worn)
 D - +0 acid dragon scales
 J - a +2 pair of gloves (worn)
 K - a +1 robe of resistance (worn)
 M - +0 ice dragon scales
Jewellery
 g - a ring of positive energy
 m - an amulet of regeneration (around neck)
 v - a ring of magical power (right hand)
 w - a +4 ring of slaying (left hand)
 z - a ring of poison resistance
Wands
 n - a wand of roots (4)
 p - a wand of flame (39)
 C - a wand of charming (2)
Scrolls
 b - 3 scrolls of enchant armour
 r - 2 scrolls of summoning {unknown}
 s - 2 scrolls of amnesia
 A - 3 scrolls of vulnerability {unknown}
 B - 3 scrolls of teleportation
 F - a scroll of brand weapon {unknown}
 I - a scroll of magic mapping {unknown}
 L - a scroll of fear
Potions
 a - 2 potions of might
 c - a potion of mutation {unknown}
 d - a potion of resistance
 e - 3 potions of lignification
 h - a potion of invisibility {unknown}
 i - 5 potions of cancellation
 o - 4 potions of heal wounds
 q - 4 potions of curing
 t - a potion of flight {unknown}
 u - 2 potions of berserk rage
 x - 2 potions of brilliance {unknown}
 E - 2 potions of attraction {unknown}


   Skills:
 + Level 3.9 Fighting
 + Level 2.2 Short Blades
 + Level 4.9 Dodging
 + Level 5.3 Stealth
 + Level 3.0 Shields
 + Level 10.8 Spellcasting
 + Level 9.1 Conjurations
 + Level 0.8 Transmutations
 + Level 10.2 Earth Magic


You had 9 spell levels left.
You knew the following spells:

 Your Spells              Type           Power      Damage    Failure   Level
a - Sandblast             Erth           100%       2d20      1%          1
b - Stone Arrow           Conj/Erth      100%       3d13      1%          3
c - Blink                 Tloc           32%        N/A       6%          2
d - Petrify               Tmut/Erth      50%        N/A       4%          4
e - Fulminant Prism       Conj/Hex       22%        3d13      6%          4
f - Passwall              Tmut/Erth      41%        N/A       1%          2
g - Iskenderun's Mystic   Conj/Tloc      45%        2d10      6%          4
h - Teleport Other        Tloc           16%        N/A       12%         3

Your spell library contained the following spells:

 Spells                   Type           Power      Damage    Failure   Level
 Magic Dart               Conj           100%       1d8       1%          1
 Searing Ray              Conj           100%       2d8       1%          2
 Lee's Rapid Deconstruct  Erth           34%        3d18*     1%          5
 Beastly Appendage        Tmut           44%        N/A       2%          1
 Freeze                   Ice            64%        1d8       4%          1
 Wereblood                Tmut           22%        N/A       4%          2
 Hailstorm                Conj/Ice       45%        3d10      6%          4
 Spider Form              Tmut/Pois      19%        N/A       10%         3
 Frozen Ramparts          Ice            32%        1d5       12%         3
 Gell's Gravitas          Tloc           16%        N/A       12%         3
 Lesser Beckoning         Tloc           16%        N/A       12%         3
 Ice Form                 Ice/Tmut       19%        N/A       32%         4
 Manifold Assault         Tloc           16%        N/A       73%         5
 Simulacrum               Ice/Necr       8%         N/A       99%         6
 Storm Form               Tmut/Air       9%         N/A       100%        7


Dungeon Overview and Level Annotations

Branches:
Dungeon (10/15)            Temple (0/1) D:7            Lair (2/5) D:10
    Orc (0/2) D:10          IceCv (visited)
  Swamp: Lair:2-3    Shoals: Lair:2-3     Snake: Lair:2-3    Spider: Lair:2-3

Altars:
Ashenzari
Cheibriados
Gozag
Kikubaaqudgha
Nemelex Xobeh
Ru
Sif Muna
Trog
Uskayaw

Shops:
D:6 :   D:10 [


Innate Abilities, Weirdness & Mutations

You have a pair of antennae on your head.
You are partially covered in thin metallic scales. (AC +2)
A weak demonic guardian rushes to your aid.


Message History

Things that are here:
a black mamba skeleton; a black mamba skeleton You see here a +0 dagger.
Key pressed, stopping explore.
Done exploring.
Done exploring.
Done exploring.
Done exploring.
Done exploring.
Okay, then.
(D) Dungeon (T) Temple (L) Lair (O) Orcish Mines
Where to? (Enter - Lair:1 @ (x,y), ? - help)
What level of the Lair of Beasts? (default 1, ? - help)
There is a stone staircase leading down here.
You climb downwards.
There is a stone staircase leading up here.
A komodo dragon and a death yak come into view.
Found 2 poisoned darts.
There are monsters nearby!
There are monsters nearby!
There are monsters nearby!
There are monsters nearby!
A torpor snail comes into view.
Being near the torpor snail leaves you feeling lethargic.
The death yak bellows!
The komodo dragon hisses angrily.
A death yak comes into view.
The death yak bellows!
You hear a screech!
You hear a shout!
The komodo dragon bites you!!
A demonic guardian appears!
The death yak gores you!! The death yak attacks as you move away!
The death yak gores you!!
You feel yourself speed up.
Your shadow imp gestures at the komodo dragon.
The komodo dragon resists with significant effort.
The komodo dragon bites you.
* * * LOW HITPOINT WARNING * * *
Your shadow imp gestures at the komodo dragon.
The komodo dragon resists with significant effort.
The death yak gores you but does no damage.
The komodo dragon bites you!!
You die...

( ..# ##..# #
##.#.# .#.
####.#.##....
#.#.....+....
#.#.........8
#.<@l.5......
#..##Y........
.....
#....####
#....# #..Y..#
.....#
##......w.
#....
##...+... #P..
...# .. ##..
#... . ..#.


You could see 2 death yaks, a komodo dragon (ally target) and a friendly shadow
imp (summoned).

Vanquished Creatures
  A reaper (IceCv)
  2 hydras
  A catoblepas (Lair:1)
  3 black mambas (Lair:1)
  2 ice statues (IceCv)
  A gargoyle (D:7)
  Joseph (D:7)
  4 molten gargoyles (D:10)
  A rime drake (Lair:1)
  3 cane toads (Lair:1)
  6 ice devils (IceCv)
  2 anaconda simulacra (IceCv)
  A troll (D:9)
  Grinder (D:6)
  Prince Ribbit (D:6)
  A shadow (D:9)
  A wraith (D:9)
  3 dire elephant simulacra (IceCv)
  4 yaks
  A wyvern (D:9)
  A yak (shapeshifter) (D:9)
  A death yak simulacrum (IceCv)
  A harpy simulacrum (IceCv)
  3 wargs
  2 acid dragons (D:9)
  4 hydra simulacra (IceCv)
  The ghost of promet the Ruffian, an amateur VSFi (D:3)
  11 water moccasins
  3 orc warriors
  2 black bears
  A sky beast (D:7)
  An ogre (D:3)
  3 centaurs
  2 phantoms
  3 kobold brigands
  5 bullfrogs
  3 necrophages (D:6)
  2 gnoll sergeants (D:9)
  4 scorpions
  A two-headed ogre simulacrum (IceCv)
  7 wights
  2 killer bees (D:9)
  7 hounds
  10 orc priests
  2 jellies
  Crazy Yiuf (D:6)
  A gnoll bouda (D:9)
  Terence (D:3)
  Jessica (D:3)
  3 iguanas
  9 orc wizards
  6 hell rats (Lair:1)
  A polar bear simulacrum (Lair:1)
  A wolf simulacrum (Lair:1)
  A centaur simulacrum (D:9)
  Robin (D:3)
  8 gnolls (D:9)
  10 adders
  A river rat (D:4)
  A white imp (IceCv)
  2 ufetubi
  2 worms
  2 dart slugs
  46 orcs
  10 endoplasms
  5 giant cockroaches
  18 goblins
  13 hobgoblins
  2 jackals (D:1)
  3 quokkas
  6 ball pythons
  8 bats
  4 frilled lizards
  20 kobolds
  3 rats
312 creatures vanquished.

Vanquished Creatures (collateral kills)
  An elephant simulacrum (IceCv)
  A white imp (IceCv)
2 creatures vanquished.

Vanquished Creatures (others)
  An ufetubus (IceCv)
  A fungus (Lair:1)
  A plant (D:10)
3 creatures vanquished.

Grand Total: 317 creatures vanquished

Notes
Turn   | Place    | Note
-------+----------+-------------------------------------------
     0 | D:1      | DemonSlayer the Demonspawn Earth Elementalist began the
                  | quest for the Orb.
     0 | D:1      | Reached XP level 1. HP: 13/13 MP: 3/3
   766 | D:1      | Gained mutation: You have a pair of small antennae on your
                  | head. [demonic ancestry]
   766 | D:1      | Reached XP level 2. HP: 18/19 MP: 3/5
  1086 | D:1      | Found a faded altar of an unknown god.
  1391 | D:1      | Reached XP level 3. HP: 24/25 MP: 4/6
  1541 | D:1      | Learned a level 3 spell: Stone Arrow
  2176 | D:2      | Gained mutation: You are partially covered in thin metallic
                  | scales. (AC +2) [demonic ancestry]
  2176 | D:2      | Reached XP level 4. HP: 28/31 MP: 5/8
  2630 | D:3      | Noticed Terence
  2683 | D:4      | Reached XP level 5. HP: 13/36 MP: 9/9
  2914 | D:4      | Noticed an ogre
  2940 | D:3      | Noticed Jessica
  2941 | D:3      | Noticed Robin
  3060 | D:3      | Killed Robin
  3104 | D:3      | Killed Jessica
  3105 | D:3      | Reached XP level 6. HP: 31/42 MP: 0/12
  3532 | D:3      | Killed Terence
  3630 | D:3      | Found a large runed translucent door.
  3631 | D:3      | Found a large runed translucent door.
  3717 | D:3      | Noticed promet's ghost (amateur VSFi)
  3778 | D:3      | Found a snail-covered altar of Cheibriados.
  3790 | D:3      | Became a worshipper of Cheibriados the Contemplative
  4126 | D:4      | HP: 2/42 [constriction (1)]
  4152 | D:3      | Reached skill level 1 in Fighting
  4152 | D:3      | Gained mutation: You have a pair of antennae on your head.
                  | [demonic ancestry]
  4152 | D:3      | Reached XP level 7. HP: 21/48 MP: 9/14
  4343 | D:4      | Reached skill level 5 in Earth Magic
  4501 | D:4      | Learned a level 2 spell: Blink
  4506 | D:4      | Learned a level 4 spell: Petrify
  4511 | D:4      | Learned a level 4 spell: Fulminant Prism
  4522 | D:5      | Entered Level 5 of the Dungeon
  4720 | D:5      | Reached skill level 5 in Spellcasting
  4768 | D:5      | Reached * piety under Cheibriados
  4886 | D:5      | Reached skill level 1 in Short Blades
  5026 | D:5      | Reached XP level 8. HP: 31/55 MP: 1/16
  5442 | D:5      | Learned a level 2 spell: Passwall
  5445 | D:5      | Identified a scroll of acquirement
  5445 | D:5      | Acquired 627 gold pieces
  5986 | D:6      | Reached skill level 1 in Shields
  6207 | D:6      | Noticed Grinder
  6212 | D:6      | Killed Grinder
  6330 | D:6      | Reached skill level 1 in Conjurations
  6560 | D:6      | Found a bloodstained altar of Trog.
  6560 | D:6      | Found a hide-covered altar of Uskayaw.
  6610 | D:6      | Found Zoatzifa's Book Shoppe.
  6865 | D:6      | Found a runed translucent door.
  6866 | D:6      | Noticed Crazy Yiuf
  7120 | D:6      | Killed Crazy Yiuf
  7224 | D:6      | Noticed Prince Ribbit
  7228 | D:6      | Killed Prince Ribbit
  7229 | D:6      | Reached XP level 9. HP: 62/62 MP: 18/19
  7601 | D:7      | Noticed a four-headed hydra
  7607 | D:7      | Killed a four-headed hydra
  7899 | D:7      | Reached ** piety under Cheibriados
  8018 | D:7      | Found a staircase to the Ecumenical Temple.
  8620 | D:7      | Noticed Joseph
  8628 | D:7      | Killed Joseph
  8650 | D:7      | Noticed a gargoyle
  8658 | D:7      | Killed a gargoyle
  8659 | D:7      | Reached XP level 10. HP: 49/68 MP: 6/22
  9141 | D:7      | Learned a level 4 spell: Iskenderun's Mystic Blast
  9379 | D:8      | Reached *** piety under Cheibriados
  9402 | D:8      | Found a sparkling altar of Nemelex Xobeh.
  9421 | D:8      | Reached skill level 5 in Conjurations
  9433 | D:8      | HP: 1/68 [centaur/arrow (7)]
 10008 | D:8      | Found a broken altar of Ashenzari.
 10317 | D:8      | Learned a level 3 spell: Teleport Other
 11035 | D:9      | Reached **** piety under Cheibriados
 11470 | D:9      | Found an ancient bone altar of Kikubaaqudgha.
 12153 | D:3      | Killed promet's ghost
 12327 | D:10     | Entered Level 10 of the Dungeon
 12329 | D:10     | Found a staircase to the Lair.
 12346 | D:9      | HP: 3/70 [warg (10)]
 12676 | D:10     | Found a shimmering blue altar of Sif Muna.
 12676 | D:10     | Found an opulent altar of Gozag.
 12792 | D:10     | Noticed a molten gargoyle
 12799 | D:10     | Killed a molten gargoyle
 12998 | D:10     | Noticed a molten gargoyle
 13001 | D:10     | Killed a molten gargoyle
 13002 | D:10     | Gained mutation: A weak demonic guardian rushes to your
                  | aid. [demonic ancestry]
 13002 | D:10     | Reached XP level 11. HP: 75/75 MP: 24/24
 13212 | D:10     | Found a sacrificial altar of Ru.
 13264 | D:10     | Reached ***** piety under Cheibriados
 13404 | D:10     | Found a staircase to the Orcish Mines.
 13501 | D:10     | Found Roit Lukhos's Antique Armour Boutique.
 13720 | Lair:1   | Entered Level 1 of the Lair of Beasts
 13720 | Lair:1   | Found a frozen archway.
 13736 | IceCv    | Entered an ice cave
 15688 | IceCv    | Reached skill level 10 in Spellcasting
 16212 | IceCv    | Reached skill level 5 in Stealth
 16241 | IceCv    | Noticed a reaper
 16247 | IceCv    | Killed a reaper
 16805 | Lair:1   | Identified the +2 leather armour of Ylih {-Tele rPois rF+
                  | Stlth+}
 16841 | Lair:1   | Identified the +3 war axe of Ubauz {vorpal, rF+ rN+ Dex+2}
 17098 | Lair:1   | Noticed a five-headed hydra
 17107 | Lair:1   | Killed a five-headed hydra
 17178 | Lair:1   | Reached skill level 10 in Earth Magic
 17238 | Lair:1   | Reached XP level 12. HP: 83/83 MP: 25/26
 17372 | Lair:1   | Noticed a catoblepas
 17382 | Lair:1   | Killed a catoblepas
 17912 | Lair:1   | Found the +8 whip "Snakebite" {venom, curare, rPois}
 18173 | Lair:2   | Noticed a death yak
 18175 | Lair:2   | Noticed a death yak
 18177 | Lair:2   | Slain by a komodo dragon

Illustrated notes

Levels and vault maps discovered:
D:1:      dpeg_arrival_orchard, layout_loops_ring,
          shapermc_ecumenical_altar_hornbeckon
D:2:      layout_basic
D:3:      layout_rooms, cheibriados_altar_2, mainiacjoe_overflow_alcove_1,
          ebering_ghost_disaster_area, st_stairs_14, minmay_fractal_squares_5,
          uniq_terence, uniq_jessica, uniq_robin
D:4:      layout_rooms, portal_sewer_entry_b
D:5:      layout_basic, kennysheep_generic_room_7
D:6:      layout_loops_ring, nicolae_overflow_two_pavilions, serial_shops, shop,
          hangedman_glass_teeth, uniq_grinder, uniq_crazy_yiuf_cottage,
          uniq_prince_ribbit1
D:7:      layout_basic, minmay_temple_entry_hall, hangedman_minor_gate_pass,
          uniq_joseph
D:8:      layout_basic, grunt_temple_overflow_open
D:9:      minmay_distorted_concentric_squares, layout_loops_corners,
          nicolae_kikubaaqudgha_miasma_corner
D:10:     layout_small_grid, amethyst_overflow_temple_binary,
          hangedman_ru_absence, erik_lair_orcish_takeover, serial_shops,
          kennysheep_mini_moat, minivault_8
Lair:1:   minmay_guarded_unrand_snakebite, layout_long_grid,
          portal_ice_cave_entry_ice_simulacra
Lair:2:   layout_cave_pods, guppyfry_snake_entry_island, wad_woods_road_04,
          lemuel_fruit_fields, grunt_megastairs_3, lemuel_fruit_fields,
          uniq_amaemon

Skill      XL: |  1  2  3  4  5  6  7  8  9 10 11 12 |
---------------+-------------------------------------+-----
Earth Magic    | 3 4 5 6 7 8 10 | 10.2
Stealth        | 2 3 4 5 |  5.3
Spellcasting   | 3 4 5 7 8 9 10 | 10.8
Dodging        | 2 3 4 |  4.9
Fighting       | 1 2 3 |  3.9
Short Blades   | 1 2 |  2.2
Shields        | 1 2 3 |  3.0
Conjurations   | 2 4 6 8 9 |  9.1
Transmutations | |  0.8

Action                   |  1- 3 |  4- 6 |  7- 9 | 10-12 || total
-------------------------+-------+-------+-------+-------++-------
Melee: Dagger            |    22 |    53 |    20 |    25 ||   120
       War axe           |       |       |       |    10 ||    10
       Rapier            |       |       |       |     1 ||     1
 Cast: Sandblast         |    54 |   125 |    51 |       ||   230
       Stone Arrow       |       |       |    77 |   288 ||   365
  Use: Potion            |       |     4 |     1 |     2 ||     7
       Scroll            |       |     9 |     4 |     8 ||    21
 Stab: Sleeping          |     4 |     1 |     5 |     8 ||    18
Armor: Robe              |     5 |    54 |    26 |    32 ||   117
Dodge: Dodged            |    34 |    91 |    69 |   104 ||   298
Block: Buckler           |     8 |    22 |    25 |    46 ||   101
